 Dungeon Sprint DCSS version 0.29.0 (webtiles) character file.

Game seed: 16123501408111448299

69 enile the Trooper (level 4, -12/43 HPs)
             Began as a Formicid Wanderer on Aug 25, 2022.
             Mangled by an ogre
             ... wielding a +0 giant club
              (22 damage)
             ... in the Dungeon (Sprint IX: "|||||||||||||||||||||||||||||").
             The game lasted 00:01:27 (181 turns).

enile the Trooper (Formicid Wanderer)                Turns: 181, Time: 00:01:28

Health: -12/43     AC:  5    Str: 21    XL:     4   Next: 42%
Magic:  1/5        EV: 11    Int: 11    God:
Gold:   0          SH:  0    Dex: 11    Spells: 4/5 levels left

rFire   . . .      SeeInvis +   a - +2 quarterstaff
rCold   . . .      Faith    .   (no shield)
rNeg    . . .      Spirit   .   b - +0 ring mail
rPois   .          Reflect  .   (helmet unavailable)
rElec   .          Harm     .   (no cloak)
rCorr   .          Rampage  .   (no gloves)
Will    .....                   (no boots)
Stlth   +.........              (no amulet)
HPRegen 0.14/turn               (no ring)
MPRegen 0.09/turn               (no ring)

@: no status effects
A: permanent stasis, dig shafts and tunnels, antennae 3, four strong arms
a: Dig


You were in the Dungeon.
You visited 1 branch

Inventory:

Hand Weapons
 a - a +2 quarterstaff (weapon)
Armour
 b - a +0 ring mail (worn)


   Skills:
 - Level 7.0 Fighting
 - Level 2.2 Staves
 - Level 1.2 Throwing
 + Level 3.2 Armour
 - Level 3.0 Dodging
 - Level 1.3 Spellcasting
 - Level 4.1 Poison Magic


You had 4 spell levels left.
You knew the following spells:

 Your Spells              Type           Power      Damage    Failure   Level
a - Sting                 Tmut/Pois      20%        1d4       22%         1

Your spell library contained the following spells:

 Spells                   Type           Power      Damage    Failure   Level
 Spider Form              Tmut/Pois      5%         N/A       54%         3


Dungeon Overview and Level Annotations

Branches:
Dungeon (1/1)

Altars:


Innate Abilities, Weirdness & Mutations

You cannot be hasted, slowed, berserked, paralysed or teleported.
You can dig through walls and to a lower floor.
You have a pair of large antennae on your head. (SInv)
Your four strong arms can wield two-handed weapons with a shield.


Message History

You sock the iguana!
You kill the iguana!
The quokka bites you but does no damage.
Training target 7.0 for Fighting reached!
Your Fighting skill gained 2 levels and is now at level 7!
You need to enable at least one skill for training.
You have reached level 4!
You feel stronger.
You barely miss the quokka. The quokka completely misses you.
You barely miss the quokka. The quokka closely misses you.
The quokka barely misses you.
Your magical contamination has completely faded away.
You thump the quokka!
You kill the quokka!
Casting: Sting (safe; 22% risk of failure)
Confirm with . or Enter, or press ? or * to list all spells.
Aiming: Sting (safe; 22% risk of failure)
Press: ? - help, Shift-Dir - straight line, f - ogre
Aim: an ogre, wielding a +0 giant club (85% to hit)
The sting hits the ogre but does no damage.
The ogre is poisoned.
The ogre barely misses you.
Casting: Sting (safe; 22% risk of failure)
Confirm with . or Enter, or press ? or * to list all spells.
Aiming: Sting (safe; 22% risk of failure)
Press: ? - help, Shift-Dir - straight line, f/p - ogre
Aim: an ogre, wielding a +0 giant club (poisoned, 85% to hit)
The sting hits the ogre but does no damage.
The ogre looks even sicker.
The ogre hits you with a +0 giant club!
You hit the ogre.
The ogre is lightly wounded.
The ogre hits you with a +0 giant club!
* * * LOW HITPOINT WARNING * * *
There is a staircase leading out of the dungeon here.
You aren't carrying any potions.
You aren't carrying any scrolls.
You barely miss the ogre.
The ogre is moderately wounded.
The ogre hits you with a +0 giant club!!
Ouch! That really hurt!
You die...

▓▓▓
▓@▓
▓O▓
▓.▓
▓.▓
▓)▓
▓†▓
▓.▓
▓.▓
▓.▓


You could see an ogre (poisoned).

Vanquished Creatures
  A hound (D)
  An iguana (D)
  2 goblins (D)
  A hobgoblin (D)
  A quokka (D)
  2 bats (D)
8 creatures vanquished.

Vanquished Creatures (collateral kills)
  An ufetubus (D)
1 creature vanquished.

Grand Total: 9 creatures vanquished

Notes
Turn   | Place    | Note
-------+----------+-------------------------------------------
     0 | D        | enile the Formicid Wanderer began the quest for the Orb.
     0 | D        | enile set off with the following items: a +2 quarterstaff,
                  | a +0 ring mail, a scroll of summoning, a potion of curing,
                  | a potion of heal wounds, 2 potions of magic; and the
                  | following spell memorised: Sting; and the following spells
                  | available to memorise: Spider Form.
     0 | D        | Reached XP level 1. HP: 16/16 MP: 2/2
     9 | D        | Reached skill level 3 in Fighting
   131 | D        | Noticed a hound
   131 | D        | Noticed an iguana
   131 | D        | Noticed an ogre
   138 | D        | Reached skill level 1 in Dodging
   138 | D        | Reached XP level 2. HP: 18/24 MP: 3/3
   167 | D        | Reached skill level 5 in Fighting
   167 | D        | Reached XP level 3. HP: 19/33 MP: 1/4
   171 | D        | Reached skill level 7 in Fighting
   171 | D        | Reached XP level 4. HP: 34/43 MP: 1/5
   181 | D        | Mangled by an ogre

Illustrated notes

Levels and vault maps discovered:
D:        linesprint [early_d, line_temple, items_1, d_10, items_2, lair_1,
          lair_end, items_3, orc_1, orc_end, items_4, d_15, swamp_1, shoals_1,
          snake_1, spider_1, d_20, vaults_1, items_5, swamp_end, shoals_end,
          snake_end, spider_end, vaults_end, d_27, items_6, zot_1, zot_end,
          crypt_end, forest_end, elf_end, slime_end, tomb_end, abyss_end,
          pan_hell_end]

Skill      XL: |  1  2  3 |
---------------+----------+-----
Fighting       | 3 5 7 |  7.0
Armour         | 3 |  3.2
Dodging        | 1 3 |  3.0
Staves         | |  2.2
Throwing       | |  1.2
Spellcasting   | |  1.3
Poison Magic   | |  4.1

Action                   |  1- 3 |  4- 6 || total
-------------------------+-------+-------++-------
Melee: Quarterstaff      |    27 |     5 ||    32
 Cast: Sting             |     5 |     2 ||     7
  Use: Scroll            |     1 |       ||     1
       Potion            |     4 |       ||     4
Armor: Ring mail         |    24 |       ||    24
Dodge: Dodged            |    24 |     4 ||    28
